 Dungeon Crawl Stone Soup version 0.21-a0-356-g45b0a09 (webtiles) character file.

21 Edirash the Grave Robber (level 3, 19/19 HPs)
             Began as a Kobold Necromancer on Oct 10, 2017.
             Quit the game on level 1 of the Dungeon on Oct 12, 2017.
             The game lasted 00:05:34 (884 turns).

Edirash the Grave Robber (Kobold Necromancer)        Turns: 884, Time: 00:05:35

Health: 19/19      AC:  2    Str:  5    XL:     3   Next: 2%
Magic:  6/6        EV: 15    Int: 17    God:
Gold:   62         SH:  0    Dex: 15    Spells: 4/6 levels left

rFire    . . .     SeeInvis .   i - +0 whip (pain)
rCold    . . .     Gourm    .   (shield restricted)
rNeg     . . .     Faith    .   a - +0 robe
rPois    .         Spirit   .   (no helmet)
rElec    .         Reflect  .   (no cloak)
rCorr    .         Harm     .   (no gloves)
MR       .....                  (no boots)
Stlth    ++........             (no amulet)
HPRegen  0.06/turn              (no ring)
MPRegen  0.10/turn              (no ring)

@: no status effects
A: carnivore 3
a: no special abilities


You were on level 1 of the Dungeon.
You were completely stuffed.

You visited 1 branch of the dungeon, and saw 1 of its levels.

You collected 62 gold pieces.

Inventory:

Hand Weapons
 i - a +0 whip of pain (weapon)
Missiles
 Q - 42 stones (quivered)
Armour
 a - a +0 robe (worn)
Scrolls
 d - a scroll of noise {unknown}
 e - a scroll of random uselessness {unknown}
 f - a scroll of teleportation {unknown}
 g - a scroll of magic mapping {unknown}
 h - 2 scrolls of enchant armour {unknown}
Books
 b - a book of Necromancy
Comestibles
 c - 2 meat rations


   Skills:
 - Level 2.4 Dodging
 - Level 2.6 Stealth
 - Level 2.1 Spellcasting
 + Level 4.8 Necromancy


You had 4 spell levels left.
You knew the following spells:

 Your Spells              Type           Power        Failure   Level  Hunger
a - Pain                  Necr           ###.         2%          1    #......
A - Animate Skeleton      Necr           N/A          2%          1    #......


Dungeon Overview and Level Annotations

Branches:
Dungeon (1/15)

Altars:


Innate Abilities, Weirdness & Mutations

You are small and have problems with some larger weapons.
You are carnivorous and can eat meat at any time.


Message History

You closely miss the hobgoblin. The bat misses you.
The hobgoblin barely misses you.
You hit the hobgoblin.
You kill the hobgoblin!
The bat hits you but does no damage.
You barely miss the bat. The bat closely misses you.
The bat completely misses you. The bat completely misses you.
The bat barely misses you.
You hit the bat.
The bat writhes in agony.
You kill the bat!
You have reached level 3!
Your experience leads to an increase in your attributes!
Increase (S)trength, (I)ntelligence, or (D)exterity?
You feel clever.
Health restored: 19; MP restored: 6 Saving game... please wait.
Welcome back, Edirash the Kobold Necromancer.
Okay, then.
Okay, then.
Okay, then.

# #..... #..)...#
#######.#.#####.## .#. #.#.####
..).............. .. ##......#
#######.#.#####.## .#.##......#
# #.#.# ##...##.#.####...<# #
#.#.# #.........##......# #
#.#.# #....#..#.##......#
#######.#.###.#.......####.##.#
................@.....##......#
#######.#.###.####.##.##......#
# #.#.# #.####.##.##.#.#.##
#######.#.# #....#.##.##......#
........#.######.#.##.##......#
...................##.####.#.##
####.####.............##......#
......# ########.####.##......#
####..# #.# #.####.#..#


There were no monsters in sight!

Vault maps used:
D:1:      dpeg_arrival_ternary

Notes
Turn   | Place    | Note
-------+----------+-------------------------------------------
     0 | D:1      | Edirash the Kobold Necromancer began the quest for the Orb.
     0 | D:1      | Reached XP level 1. HP: 10/10 MP: 3/3
     2 | D:1      | Learned a level 1 spell: Animate Skeleton
   190 | D:1      | Reached XP level 2. HP: 7/15 MP: 5/5
   397 | D:1      | Identified a +0 whip of pain (You took it off a kobold on level 1 of the Dungeon)
   883 | D:1      | Reached XP level 3. HP: 19/19 MP: 6/6
   884 | D:1      | Upgraded the game from 0.21-a0-352-g5b8f553 to 0.21-a0-356-g45b0a09
   884 | D:1      | Quit the game

Table legend:
 A = Turns spent in this place as a percentage of turns spent in the entire game.
 B = Non-inter-level travel turns spent in this place as a percentage of non-inter-level travel turns spent in the entire game.
 C = Inter-level travel turns spent in this place as a percentage of turns spent in this place.
 D = Turns resting spent in this place as a percentage of non-inter-level travel turns spent in this place.
 E = Turns spent auto-exploring this place as a percentage of non-inter-level travel turns spent in this place.
 F = Non-inter-level travel turns spent in this place divided by the number of levels of this place that you've seen.
                   A       B       C       D       E      F
               +-------+-------+-------+-------+-------+----------------------
         Total | 100.0 | 100.0 |   0.0 |  39.1 |  42.6 | 884.0
       Dungeon | 100.0 | 100.0 |   0.0 |  39.1 |  42.6 | 884.0
               +-------+-------+-------+-------+-------+----------------------

Table legend:
 A = Kills in this place as a percentage of kills in entire the game.
 B = Kills by you in this place as a percentage of kills by you in the entire game.
 C = Kills by friends in this place as a percentage of kills by friends in the entire game.
 D = Other kills in this place as a percentage of other kills in the entire game.
 E = Experience gained in this place as a percentage of experience gained in the entire game.
 F = Experience gained in this place divided by the number of levels of this place that you have seen.
                   A       B       C       D       E      F
               +-------+-------+-------+-------+-------+----------------------
         Total | 100.0 | 100.0 | 100.0 |   N/A | 100.0 |  30.0
       Dungeon | 100.0 | 100.0 | 100.0 |   N/A | 100.0 |  30.0
               +-------+-------+-------+-------+-------+----------------------

Action                   || total
-------------------------++-------
Melee: Unarmed           ||     7
       Whip              ||    18
 Cast: Pain              ||    14
       Animate Skeleton  ||     3
 Stab: Sleeping          ||     1
  Eat: Chunk             ||     8
Armor: Robe              ||     7
Dodge: Dodged            ||    22

Vanquished Creatures
  A leopard gecko (D:1)
  4 hobgoblins (D:1)
  A kobold (D:1)
  3 bats (D:1)
  4 goblins (D:1)
  A rat (D:1)
14 creatures vanquished.

Vanquished Creatures (collateral kills)
  A dart slug (D:1)
  A rat (D:1)
2 creatures vanquished.

Grand Total: 16 creatures vanquished
